 Dungeon Crawl Stone Soup version 0.31-a0-150-g89dc3ad700 (webtiles) character file.

Game seed: 2542250189297217376

34 qw the Shooter (level 3, -1/31 HPs)
             Began as a Minotaur Hunter on June 8, 2023.
             Succumbed to an adder's poison
             ... on level 2 of the Dungeon.
             The game lasted 00:00:19 (861 turns).

qw the Shooter (Minotaur Hunter)                     Turns: 861, Time: 00:00:19

Health: -1/31      AC:  4    Str: 15    XL:     3   Next: 14%
Magic:  2/2        EV: 12    Int:  6    God:
Gold:   33         SH:  0    Dex: 15    Spells: 2/2 levels left

rFire   . . .        Y - +1 shortbow
rCold   . . .        (shield currently unavailable)
rNeg    . . .        c - +0 leather armour
rPois   .            (helmet restricted)
rElec   .            g - +0 cloak
rCorr   .            (no gloves)
SInv    .            (no boots)
Will    .....        (no amulet)
Stlth   +            (no ring)
HPRegen 0.25/turn    (no ring)
MPRegen 0.08/turn

%: no passive effects
@: lethally poisoned (-1 -> -4)
A: horns 2, retaliatory headbutt
a: no special abilities


You were on level 2 of the Dungeon.
You visited 1 branch of the dungeon, and saw 2 of its levels.

You collected 33 gold pieces.


Innate Abilities, Weirdness & Mutations

You have a pair of horns on your head.
You reflexively headbutt those who attack you in melee.


   Skills:
 - Level 3.0 Fighting
 + Level 5.3 Ranged Weapons
 - Level 2.1 Dodging
 - Level 0.7 Stealth


You had 2 spell levels left.
You didn't know any spells.
Your spell library was empty.

Inventory:

Hand Weapons
 Y - a +1 shortbow (weapon)
Armour
 c - a +0 leather armour (worn)
 g - a +0 cloak (worn)
Potions
 d - a potion of attraction {unknown}
 e - a potion of cancellation {unknown}
 i - a potion of heal wounds {unknown}
 j - a potion of mutation {unknown}

Dungeon Overview and Level Annotations

Branches:
Dungeon (2/15)

Altars:


Message History

You shoot an arrow. The arrow barely misses the adder.
You feel sick. The adder bites you. The hobgoblin barely misses you.
You furiously retaliate!
You headbutt the hobgoblin!
You kill the hobgoblin!
You shoot an arrow. The arrow barely misses the adder.
You feel sick. The adder bites you.
You are more poisoned.
The adder poisons you! The adder closely misses you.
You shoot an arrow. The arrow barely misses the adder.
You feel sick. The adder bites you but does no damage.
You shoot an arrow. The arrow closely misses the adder.
You feel sick. The adder barely misses you.
The adder bites you but does no damage.
You shoot an arrow. The arrow closely misses the adder.
You feel sick. The rat closely misses you. The adder bites you.
The rat bites you.
You shoot an arrow. The arrow hits the adder.
The adder is heavily wounded.
You feel sick. The adder barely misses you. The adder closely misses you.
The rat misses you.
You shoot an arrow. The arrow hits the adder.
The adder is heavily wounded.
You feel sick. The adder closely misses you. You furiously retaliate!
You headbutt the adder. The rat bites you but does no damage.
You shoot an arrow. The arrow barely misses the adder.
You feel sick. The adder barely misses you. The rat barely misses you.
The dart slug closely misses you. The adder bites you.
You are lethally poisoned!
The adder poisons you!
You shoot an arrow. The arrow hits the adder.
You kill the adder!
You feel sick. The rat bites you.
The dart slug bites you but does no damage.
You have reached level 3!
Your experience leads to an increase in your attributes!
Increase (S)trength, (I)ntelligence, or (D)exterity?
You feel agile. x2
You shoot an arrow. The arrow hits the dart slug.
The dart slug is heavily wounded.
You die...

#.........#...................
#...............##########....
#...#....#.....##.... ##...
#####.%..#######..... ##..
#......# #...... ## #......#
##.....(. #......# ##........
###....#####..w......
#..........#.@%......
#..........#..r....7.
#..........'.......[#
#..........'.......[#
##.........#.......7.
#.........#.........
#.........#.........
#....#######........ #....
#......


You could see a dart slug and a rat.

Vanquished Creatures
  An adder (D:2)
  A dart slug (D:1)
  A ball python (D:1)
  3 endoplasms (D:1)
  A giant cockroach (D:2)
  3 goblins (D:1)
  4 hobgoblins
  A jackal (D:1)
  A frilled lizard (D:1)
  A kobold (D:1)
  3 rats
20 creatures vanquished.

Notes
Turn   | Place    | Note
-------+----------+-------------------------------------------
     0 | D:1      | qw the Minotaur Hunter began the quest for the Orb.
     0 | D:1      | Reached XP level 1. HP: 18/18 MP: 0/0
     0 | D:1      | 0 ||| qw: Version: 0.2-a-119-g0488c42
     0 | D:1      | 0 ||| qw: Game counter: 2731
     0 | D:1      | 0 ||| qw: Always use a shield: true
     0 | D:1      | 0 ||| qw: God list: Okawaru
     0 | D:1      | 0 ||| qw: Allow faded altars: false
     0 | D:1      | 0 ||| qw: Do Orc after D:15 true
     0 | D:1      | 0 ||| qw: Do second Lair branch before Depths: true
     0 | D:1      | 0 ||| qw: Lair rune preference: random
     0 | D:1      | 0 ||| qw: Plans: Normal
     0 | D:1      | 0 ||| PLANNING D:1-11
   328 | D:1      | Reached XP level 2. HP: 25/25 MP: 1/1
   469 | D:1      | Reached skill level 5 in Ranged Weapons
   513 | D:1      | 513 ||| Stepping ~*~*~tactically~*~*~ (water).
   595 | D:1      | Reached skill level 3 in Fighting
   754 | D:1      | 754 ||| UPGRADING to +0 cloak.
   759 | D:1      | 759 ||| READING scroll labelled TEOV DOBRAOFRI.
   760 | D:1      | 760 ||| READING scroll labelled OKOUXZU EZEIZAL.
   761 | D:1      | 761 ||| READING 3 scrolls labelled BOFOMOZ WISEK.
   762 | D:1      | 762 ||| READING scroll labelled SYDOQUSTRUR.
   763 | D:1      | 763 ||| DROPPING scroll of butterflies.
   764 | D:1      | 764 ||| DROPPING 2 scrolls of fear.
   858 | D:2      | HP: 6/26 [poisoned by an adder]
   860 | D:2      | HP: 1/26 [rat (2)]
   861 | D:2      | Reached XP level 3. HP: 1/31 MP: 2/2
   861 | D:2      | Succumbed to an adder's poison

Levels and vault maps discovered:
D:1:      ncdulo_wetmaze, layout_basic, serial_bayou_pond_b,
          minmay_misc_feat_secret_circle
D:2:      kennysheep_big_flooded_room, layout_basic, basic_altar

Skill      XL: |  1  2 |
---------------+-------+-----
Ranged Weapons | 5 |  5.3
Fighting       | 3 |  3.0
Dodging        | |  2.1
Stealth        | |  0.7

Action                     || total
---------------------------++-------
   Fire: Shortbow          ||    73
    Use: Scroll            ||     4
 Armour: Leather armour    ||     6
  Dodge: Dodged            ||    20

Table legend:
 A = Non-vault XP
 B = Vault XP
 C = Vault XP percentage of total XP
 D = Non-vault monster count
 E = Vault monster count
 F = Vault count percentage of total count
                 A         B        C        D         E       F
            +---------+---------+-------+---------+---------+-------
      Total |      25 |      24 |  49.0 |      14 |       6 |  30.0
            +---------+---------+-------+---------+---------+-------
        D:1 |      20 |       8 |  28.6 |      11 |       4 |  26.7
        D:2 |       5 |      16 |  76.2 |       3 |       2 |  40.0
            +---------+---------+-------+---------+---------+-------
